 Dungeon Crawl Stone Soup version 0.30-a0-840-ga523dec638 (webtiles) character file.

Game seed: 596993313643281842

131 cforsyth the Sneak (level 5, -1/32 HPs)
             Began as a Kobold Brigand on Mar 2, 2023.
             Slain by a gnoll
             ... wielding a +0 flail
              (8 damage)
             ... on level 4 of the Dungeon.
             The game lasted 00:02:55 (3247 turns).

cforsyth the Sneak (Kobold Brigand)                 Turns: 3247, Time: 00:02:55

Health: -1/32      AC:  3    Str:  9    XL:     5   Next: 37%
Magic:  5/5        EV: 15    Int: 12    God:
Gold:   137        SH:  0    Dex: 18    Spells: 4/4 levels left

rFire   . . .      SeeInvis .    a - +2 dagger
rCold   . . .      Faith    .    (no shield)
rNeg    . . .      Spirit   .    b - +0 robe
rPois   .          Reflect  .    (no helmet)
rElec   .          Harm     .    c - +0 cloak
rCorr   .          Rampage  .    (no gloves)
Will    .....                    (no boots)
Stlth   ++++                     (no amulet)
HPRegen 0.25/turn                (no ring)
MPRegen 0.09/turn                (no ring)

@: about to teleport
A: small, no large weapons, nightstalker 3
a: no special abilities


You were on level 4 of the Dungeon.
You visited 1 branch of the dungeon, and saw 4 of its levels.

You collected 137 gold pieces.

Inventory:

Hand Weapons
 a - a +2 dagger (weapon)
Missiles
 d - 9 poisoned darts (quivered)
 e - 3 curare-tipped darts
Armour
 b - a +0 robe (worn)
 c - a +0 cloak (worn)
Jewellery
 k - an amulet of reflection
 p - an amulet of guardian spirit
Wands
 u - a wand of flame (7)
 w - a wand of mindburst (11)
Scrolls
 f - 3 scrolls of poison {unknown}
 h - 2 scrolls of teleportation
 i - 5 scrolls of identify {unknown}
 o - a scroll of brand weapon {unknown}
 s - a scroll of blinking {unknown}
 t - a scroll of vulnerability {unknown}
Potions
 g - a potion of haste {unknown}
 j - a potion of magic {unknown}
 l - 3 potions of heal wounds
 m - a potion of mutation {unknown}
 n - 2 potions of lignification {unknown}
 q - a potion of attraction {unknown}
 r - a potion of curing {unknown}
 v - a potion of might {unknown}


   Skills:
 + Level 3.1 Fighting
 + Level 3.9 Short Blades
 + Level 3.1 Throwing
 + Level 2.7 Dodging
 + Level 6.1 Stealth


You had 4 spell levels left.
You didn't know any spells.
Your spell library contained the following spells:

 Spells                   Type           Power      Damage    Failure   Level
 Apportation              Tloc           0%         N/A       32%         1
 Necrotise                Necr           0%         1d4       32%         1
 Shock                    Conj/Air       0%         1d3       32%         1
 Summon Small Mammal      Summ           0%         N/A       32%         1
 Ozocubu's Armour         Ice            0%         N/A       69%         3
 Ozocubu's Refrigeration  Ice            0%         4d7       100%        7


Dungeon Overview and Level Annotations

Branches:
Dungeon (4/15)
 Temple: D:4-7

Altars:
Yredelemnul

Annotations:
D:3 1 runed translucent door


Innate Abilities, Weirdness & Mutations

You are small and have problems with some larger weapons.
You are completely attuned to the shadows.


Message History

Found a stone staircase leading down.
A quokka comes into view.
Found a tapered silver wand and a spear.
The helpless quokka fails to defend itself.
You spit the quokka like a pig!!!
You kill the quokka!
No target in view!
No target in view!
No target in view!
You see here a quokka corpse.
w - a wand of mindburst (11) No target in view!
No target in view! 2 gnolls come into view.
Found a scroll labelled UNLIKHL FENU.
There are monsters nearby!
There are monsters nearby!
There are monsters nearby!
Found a whip.
The gnoll shouts!
You hear a shout!
A gnoll comes into view. It is wielding a +0 spear.
The gnoll shouts!
A gnoll comes into view. It is wielding a +0 whip.
The gnoll hits you with a +0 flail. The gnoll closely misses you.
You hit the gnoll.
The gnoll is lightly wounded.
The gnoll hits you with a +0 flail! The gnoll misses you.
The gnoll hits you from afar with a +0 spear.
You are too injured to fight recklessly!
You are too injured to fight recklessly!
The gnoll attacks as you move away! The gnoll misses you.
The gnoll attacks as you move away! The gnoll hits you with a +0 flail.
As you read the scroll labelled PYSUES OTIFAT, it crumbles to dust.
You feel strangely unstable.
It was a scroll of teleportation.
The gnoll completely misses you.
The gnoll hits you from afar with a +0 halberd.
The gnoll hits you from afar with a +0 spear.
* * * LOW HITPOINT WARNING * * *
The gnoll hits you with a +0 flail!
You die...

#....................#
#....................#
#....................#
#.>...#######........#
#.....# #........#
##.....# ##########
......g.# ..?...gg.#
.)....g.@##
..........#
..........#
.........)#
..........#
..........#
..........#
###########


You could see 4 gnolls.

Vanquished Creatures
  A hound (D:4)
  4 adders
  A worm (D:3)
  2 dart slugs (D:1)
  5 orcs (D:3)
  5 endoplasms
  2 giant cockroaches
  2 hobgoblins
  4 jackals (D:1)
  5 quokkas
  4 ball pythons
  2 bats
  2 frilled lizards
  4 goblins
  A goblin skeleton (D:3)
  A jackal skeleton (D:3)
  5 kobolds
  A kobold skeleton (D:3)
  4 rats
55 creatures vanquished.

Vanquished Creatures (others)
  22 plants (D:1)
22 creatures vanquished.

Grand Total: 77 creatures vanquished

Notes
Turn   | Place    | Note
-------+----------+-------------------------------------------
     0 | D:1      | cforsyth the Kobold Brigand began the quest for the Orb.
     0 | D:1      | Reached XP level 1. HP: 12/12 MP: 1/1
   211 | D:1      | Reached XP level 2. HP: 9/18 MP: 2/2
   520 | D:1      | Reached XP level 3. HP: 22/22 MP: 3/3
  1319 | D:2      | Found a faded altar of an unknown god.
  1323 | D:2      | Got Plato's Opusculum on Fumes
  1930 | D:3      | Reached XP level 4. HP: 25/27 MP: 4/4
  2172 | D:3      | Noticed a human
  2173 | D:3      | Found a runed translucent door.
  2478 | D:3      | Found a basalt altar of Yredelemnul.
  2912 | D:4      | Reached skill level 6 in Stealth
  2912 | D:4      | Reached XP level 5. HP: 28/32 MP: 5/5
  3247 | D:4      | Slain by a gnoll

Illustrated notes

Levels and vault maps discovered:
D:1:      roderic_crop_circles_arrival_small, layout_loops_ring,
          chequers_serial_rivers_micro_c, roderic_roman_lattice
D:2:      layout_loops_ring, shapermc_ecumenical_altar_rom_forum,
          chequers_big_river
D:3:      layout_loops_cross, dk_yredelemnul_ordeal
D:4:      layout_gridville, beargit_hepliaklqana_dungeon_heroes,
          dreamdust_princess_bridge, uniq_menkaure

Skill      XL: |  1  2  3  4 |
---------------+-------------+-----
Short Blades   | 3 |  3.9
Dodging        | 2 |  2.7
Throwing       | 3 |  3.1
Fighting       | 3 |  3.1
Stealth        | 6 |  6.1

Action                     |  1- 3 |  4- 6 || total
---------------------------+-------+-------++-------
  Melee: Dagger            |    95 |   107 ||   202
    Use: Potion            |       |     1 ||     1
         Scroll            |       |     1 ||     1
   Stab: Sleeping          |    20 |     5 ||    25
 Armour: Robe              |    14 |    19 ||    33
  Dodge: Dodged            |    26 |    63 ||    89

Table legend: (Time is in decaauts)
 A = Elapsed time spent in this place.
 B = Non-inter-level travel time spent in this place.
 C = Inter-level travel time spent in this place.
 D = Time resting spent in this place.
 E = Time spent auto-exploring this place.
 F = Levels seen in this place.
 G = Mean time per level.
                   A        B        C        D        E       F      G
               +--------+--------+--------+--------+--------+-----+--------+
         Total |   3221 |   3125 |     96 |    168 |   2509 |   4 |  805.2 |
       Dungeon |   3221 |   3125 |     96 |    168 |   2509 |   4 |  805.2 |
               +--------+--------+--------+--------+--------+-----+--------+

Top non-repeatable levels by time:
     D:3: 1026 daAuts
     D:1: 910 daAuts
     D:2: 896 daAuts
     D:4: 388 daAuts
